Cogmind - Beta 14 @@@ ROGUE MODE // 2024.12.13 @ 19:50:21 Player: Pepsi Result: Destroyed by Y-45 Defender with Heavy Assault Rifle Performance ------------- Evolutions (1) 500 Regions Visited (2) 400 Robots Destroyed (17) 85 Value Destroyed (503) 503 Prototype IDs (0) 0 Alien Tech Used (0) 0 Bonus (0) 0 TOTAL SCORE: 1488 Bonus ------- None Cogmind --------- Core Integrity 0/400 Matter 215/300 Energy 61/140 System Corruption 23% Temperature Warm (121) Movement Core (200) Ox3 Location -9/Materials Parts ------- > --- POWER (1) -------- Light Deuterium Engine > --- PROPULSION (2) --- (None) > --- UTILITY (4) ------ Heat Sink > --- WEAPON (2) ------- Pulse Rifle Pulse Rifle > --- INVENTORY (5) ---- Light Deuterium Engine Peak State ------------ > --- POWER ------------ Light Ion Engine > --- PROPULSION ------- Aluminum Leg Aluminum Leg > --- UTILITY ---------- Small Storage Unit Small Storage Unit Visual Processing Unit Sensor Array > --- WEAPON ----------- EM Shotgun Welding Torch > --- INVENTORY -------- Hover Unit Heat Sink [Rating: 11] Favorites ----------- Power Light Nuclear Core Engine Light Ion Engine Power Core Light Nuclear Core Propulsion Aluminum Leg Leg Aluminum Leg Hover Unit Hover Unit Utility Small Storage Unit Device Sensor Array Storage Small Storage Unit Processor Visual Processing Unit Weapon Medium Laser Energy Gun Medium Laser Ballistic Gun Light Assault Rifle Ballistic Cannon Light Cannon Special Weapon Welding Torch Build | -11 -10 -9 ------- Run | Yrd Mat Mat Slots Evolved 2 | . . 2 Power . | . . . Propulsion . | . . . Utility 2 | . . 2 Weapon . | . . . Parts Attached 36 | 5 15 16 Power 7 | . 5 2 Engine 5 | . 3 2 Core 2 | . 2 . Reactor . | . . . Propulsion 11 | 2 5 4 Treads . | . . . Leg 9 | 2 5 2 Wheel . | . . . Hover 2 | . . 2 Flight . | . . . Utility 6 | 1 1 4 Device 3 | . 1 2 Storage 2 | 1 . 1 Processor 1 | . . 1 Hackware . | . . . Protection . | . . . Artifact . | . . . Weapon 12 | 2 4 6 Energy Gun 6 | 1 2 3 Energy Cannon . | . . . Ballistic Gun 3 | 1 1 1 Ballistic Cannon 2 | . 1 1 Launcher . | . . . Special Weapon 1 | . . 1 Impact Weapon . | . . . Slashing Weapon . | . . . Piercing Weapon . | . . . Special Melee Weapon . | . . . Unidentified Prototypes . | . . . Parts Lost 20 | . 8 12 Power 4 | . 2 2 Propulsion 4 | . 1 3 Utility 5 | . 1 4 Weapon 7 | . 4 3 Highest Loss Streak 8 | . 5 8 To Critical Strikes 1 | . . 1 Average Slot Usage (%) 79 | . 89 58 Engine 3 | . 1 6 Core 7 | . 10 . Leg 22 | . 27 12 Device 8 | . 9 6 Storage 14 | . 14 16 Processor 1 | . . 4 Energy Gun 12 | . 15 5 Ballistic Cannon 5 | . 7 . Special Weapon 1 | . . 3 Peak Build Rating 11 | 5 9 11 Average Rating 7 | 2 7 6 On Entrance 3 | . 5 4 Naked Turns 22 | . . 22 Heaviest Build 18 | 9 16 18 Greatest Support 20 | 20 20 20 Greatest Overweight (x) 3 | . . 3 Average Overweight (x) . | . . . Largest Inventory Capacity 8 | 8 8 8 Average Capacity 7 | 6 8 7 Most Carried 8 | 4 8 4 Average Carried 4 | 3 5 1 Final Capacity 8 | 8 8 5 Final Carried 4 | 3 4 1 Class Distribution -------------------- 100% | Mutant Dominant Class ---------------- Mutant | -10/Materials Mutant | -9/Materials Resources | -11 -10 -9 ----------- Run | Yrd Mat Mat Matter Collected 500 | 232 237 31 Remotely . | . . . Salvage Created 524 | . 446 78 Parts 36 | . 33 3 Haulers Intercepted . | . . . Recyclers Shooed . | . . . Parts Field Recycled . | . . . Retrieved Matter . | . . . Parts Self-Destructed . | . . . Prevented . | . . . Kills | -11 -10 -9 ------- Run | Yrd Mat Mat Combat Hostiles Destroyed 15 | . 13 2 Guns 7 | . 6 1 Cannons 6 | . 5 1 AOE 2 | . 2 . Classes Destroyed 5 | . 4 1 Worker 1 | . 1 . Watcher 1 | . 1 . Swarmer 3 | . 3 . Grunt 11 | . 10 1 Brawler 1 | . . 1 Best Kill Streak 4 | . 4 1 Combat Bots Only 3 | . 3 1 Max Kills in Single Turn 2 | . 2 1 Gunslinging . | . . . Exploded 1 | . 1 . Melee . | . . . Uniques/NPCs Destroyed . | . . . Combat | -11 -10 -9 -------- Run | Yrd Mat Mat Hostile Shots Fired 242 | . 134 108 Missed 79 | . 47 32 Damage Taken 2297 | . 1131 1166 Core 662 | . 247 415 Absorbed by Shields . | . . . Core Remaining (%) 50 | 100 1 . Volleys Fired 87 | . 60 27 Largest 2 | . 2 2 Hottest 126 | . 90 126 Shots Fired 148 | . 107 41 Gun 105 | . 83 22 Cannon 30 | . 24 6 Launcher . | . . . Special 13 | . . 13 Kinetic 42 | . 36 6 Thermal 65 | . 44 21 Explosive . | . . . Electromagnetic 41 | . 27 14 Robot Hit Streak 11 | . 11 5 Robot Miss Streak 5 | . 3 5 Penetration Max . | . . . Secondary Targets 1 | . . 1 Max Gunslinging Chain 1 | . . 1 Shots Hit Robots 94 | . 69 25 Core Hits 35 | . 24 11 Critical Kills . | . . . Critical Parts Destroyed . | . . . Critical Strikes 4 | . 4 . Burn 3 | . 3 . Blast 1 | . 1 . Melee Attacks . | . . . Impact . | . . . Slashing . | . . . Piercing . | . . . Sneak Attacks . | . . . Combat Hostiles . | . . . Follow-up Attacks . | . . . Damage Inflicted 1430 | . 1088 342 Guns 864 | . 650 214 Cannons 375 | . 296 79 Explosions 139 | . 139 . Melee . | . . . Ramming 23 | . 3 20 Kinetic 438 | . 359 79 Thermal 596 | . 466 130 Explosive . | . . . Electromagnetic 373 | . 260 113 Impact . | . . . Slashing . | . . . Piercing . | . . . Highest Corruption 23 | . . 23 Average Corruption 18 | . . 18 Corruption Purged . | . . . Corruption Blocked . | . . . Effects 14 | . . 14 Message Errors 2 | . . 2 Matter Fused 3 | . . 3 Heat Flow Errors 1 | . . 1 Energy Discharges 2 | . . 2 Parts Rejected 1 | . . 1 Data Loss (major) 1 | . . 1 Misdirections 2 | . . 2 Weapon Failures 2 | . . 2 Overload Shots . | . . . Overflow Damage 14 | . 14 . Projectiles . | . . . Explosions 14 | . 14 . Melee . | . . . Knockbacks 6 | . 5 1 Impact . | . . . Kinetic 6 | . 5 1 Secondary . | . . . Self-Inflicted Damage 35 | . 30 5 Shots 1 | . 1 . Rammed 4 | . . 4 Targets Rammed 13 | . 1 12 Kicked 9 | . 1 8 Crushed . | . . . Highest Temperature 394 | . 394 271 Average Temperature 110 | . 111 108 Received Heat Transfer 918 | . 603 315 Effects 3 | . 2 1 Shutdowns 1 | . 1 . Interference 1 | . . 1 Damage (minor) 1 | . 1 . Siege Activations . | . . . Robots Corrupted . | . . . Combat Hostiles . | . . . Parts Fried 2 | . 2 . Impact Corruptions . | . . . Robots Melted . | . . . Combat Hostiles . | . . . Parts Melted 1 | . 1 . Heat Transferred 1856 | . 1384 472 Parts Sabotaged . | . . . Parts Stolen . | . . . Parts Stripped . | . . . Power Chain Reactions 2 | . 2 . Alert | -11 -10 -9 ------- Run | Yrd Mat Mat Peak Influence 195 | . 195 65 Initial 21 | . . 21 Average 55 | . 77 19 Maximum Alert Level . | . . . Low Security (%) 100 | 100 100 100 Level 1 . | . . . Level 2 . | . . . Level 3 . | . . . Level 4 . | . . . Level 5 . | . . . High Security . | . . . Max Security . | . . . Squads Dispatched 4 | . 3 1 Investigation . | . . . Extermination . | . . . Reinforcement 4 | . 3 1 Assault . | . . . Garrison . | . . . Intercept . | . . . Searches Triggered . | . . . Construction Impeded . | . . . Haulers Reinforced . | . . . Active Scanning Responses . | . . . Cargo Convoy Interrupts . | . . . Stealth | -11 -10 -9 --------- Run | Yrd Mat Mat Distress Signals 1 | . . 1 Communications Jammed . | . . . Distress Signals . | . . . Times Spotted 31 | . 19 12 Peak Tracking Total 5 | . 3 5 Tactical Retreats 3 | . . 3 Traps | -11 -10 -9 ------- Run | Yrd Mat Mat Traps Triggered 1 | . 1 . Indirectly . | . . . Trap Hack Attempts . | . . . Triggered . | . . . Disarmed . | . . . Reprogrammed . | . . . Reused . | . . . Traps Extracted . | . . . Installed . | . . . Triggered . | . . . Machines | -11 -10 -9 ---------- Run | Yrd Mat Mat Machines Disabled 2 | . 1 1 Max in Single Turn 1 | . 1 1 Machines Repaired . | . . . Machines Dismantled . | . . . Machines Sabotaged . | . . . Overloaded Fab Kills . | . . . Hacking | -11 -10 -9 --------- Run | Yrd Mat Mat Machines Accessed . | . . . Terminals . | . . . Fabricators . | . . . Repair Stations . | . . . Recycling Units . | . . . Scanalyzers . | . . . Garrison Access . | . . . Total Hacks . | . . . Successful . | . . . Failed . | . . . Catastrophic . | . . . Database Lockouts . | . . . Manual . | . . . Terminals . | . . . Fabricators . | . . . Repair Stations . | . . . Recycling Units . | . . . Scanalyzers . | . . . Garrison Access . | . . . Terminal Hacks . | . . . Fabricator Hacks . | . . . Repair Station Hacks . | . . . Recycling Unit Hacks . | . . . Scanalyzer . | . . . Garrison Access Hacks . | . . . Unauthorized Hacks . | . . . Terminals . | . . . Fabricators . | . . . Repair Stations . | . . . Recycling Units . | . . . Scanalyzers . | . . . Garrison Access . | . . . Data Cores Recovered . | . . . Used . | . . . Hacking Detections . | . . . Full Trace Events . | . . . Feedback Events . | . . . Feedback Blocked . | . . . Robot Schematics Acquired . | . . . Robots Built . | . . . Authchips . | . . . Time . | . . . Total Robot Build Rating . | . . . Part Schematics Acquired . | . . . Parts Built . | . . . Authchips . | . . . Time . | . . . Total Part Build Rating . | . . . Parts Repaired . | . . . Time . | . . . Parts Recycled . | . . . Recycled Matter . | . . . Retrieved Matter . | . . . Retrieved Components . | . . . Parts Scanalyzed . | . . . Part Schematics Acquired . | . . . Parts Damaged . | . . . Bothacking | -11 -10 -9 ------------ Run | Yrd Mat Mat Used RIF Installer . | . . . Robots Hacked . | . . . Non-combat . | . . . Combat . | . . . Robot Hacks Applied . | . . . Relay Couplers Released . | . . . Fabnet Peak Effective % . | . . . Robots Rewired . | . . . Allies Hacked . | . . . Hacks Repelled . | . . . Allies | -11 -10 -9 -------- Run | Yrd Mat Mat Total Allies . | . . . Largest Group . | . . . Highest-Rated Group . | . . . Highest-Rated Ally . | . . . Total Orders . | . . . Ally Attacks . | . . . Total Damage . | . . . Kills . | . . . Allies Corrupted . | . . . Allies Melted . | . . . Intel | -11 -10 -9 ------- Run | Yrd Mat Mat Robot Analysis Total . | . . . Derelict Logs Recovered . | . . . Drone Launches . | . . . Drone Recoveries . | . . . Exploration | -11 -10 -9 ------------- Run | Yrd Mat Mat Turns Passed 1579 | 90 1005 484 Spaces Moved 1053 | 77 668 308 Core 131 | 19 . 112 Treads . | . . . Legs 888 | 58 668 162 Wheels . | . . . Hover 34 | . . 34 Flight . | . . . Fastest Speed 50 | 50 120 50 Average Speed 116 | 102 120 112 Slowest Speed 200 | 120 120 200 Overloaded Moves . | . . . Propulsion Burnouts . | . . . Robots Hopped . | . . . Cave-ins Triggered . | . . . Exploration Rate (%) 21 | 3 48 14 Regions Visited 2 Branch Regions . Pre-discovered Areas . | . . . Known Exits Taken . | . . . Unknown Exits Taken 2 | 1 1 . Scrap Searched . | . . . Spaces Dug . | . . . Terrain Destroyed 4 | . 4 . Melee . | . . . Projectile . | . . . AOE 4 | . 4 . Terrain Rammed . | . . . Walls Destroyed . | . . . Machines Disabled . | . . . Actions | -11 -10 -9 --------- Run | Yrd Mat Mat Total 1247 | 86 766 395 Wait 37 | . 8 29 Move 1051 | 76 667 308 Hop . | . . . Pick Up 16 | 4 9 3 Fast Attach 15 | 5 3 7 Attach 13 | . 7 6 Detach 1 | . 1 . Swap 8 | . 5 3 Drop 6 | 1 5 . Fire 87 | . 60 27 Melee . | . . . Ram 4 | . . 4 Kick 9 | . 1 8 Crush . | . . . Escape Stasis . | . . . Rewire . | . . . Trap . | . . . Miscellaneous . | . . . Route ------- -11/Scrapyard -10/Materials (discovered 2 exits: *Mat / [*Min]) -9/Materials History --------- Turn | Location | Event 12 | -11/Scrapyard | Discovered new exit (range 15) 91 | -11/Scrapyard | Entered Materials 302 | -10/Materials | Build established: Mutant 560 | -10/Materials | Discovered new exit (range 15) 591 | -10/Materials | Derelicts attacked the area 941 | -10/Materials | Discovered new exit (range 8) 984 | -10/Materials | Core integrity fell below 50% 1013 | -10/Materials | Lost 5 parts (1p1n1u2w) 1068 | -10/Materials | Core integrity fell below 20% 1096 | -10/Materials | Entered another Materials area 1096 | -9/Materials | Evolved 2 slots: Utility x2 1374 | -9/Materials | System corruption reached 10% 1452 | -9/Materials | Lost 8 parts (1p2n3u2w) 1517 | -9/Materials | Core integrity fell below 50% 1532 | -9/Materials | Core integrity fell below 20% 1560 | -9/Materials | Lost 3 parts (1n1u1w) 1580 | -9/Materials | Destroyed by Y-45 Defender with Heavy Assault Rifle Last Messages --------------- 01509_ Imp. Light Cannon destroyed. 01513_ Acquired 8 matter. 01519_ YZ6UN=T8SIZ9W75 01546_ Slammed into U-05 Engineer. 01546_ Destabilizing: Core damaged (-4). 01551_ Acquired Lgt. Deuterium Engine. 01553_ Acquired Pulse Rifle. 01555_ System corrupted: Substantial component data lost. 01557_ Acquired Lgt. Deuterium Engine. 01564_ Acquired Pulse Rifle. 01565_ System corrupted: Pulse Rifle failed to cycle. 01568_ G-34 Mercenary destroyed. 01568_ Switching to secondary target: Y-45 Defender. 01574_ Lgt. Deuterium Engine destroyed. 01574_ System corrupted: Pulse Rifle failed to cycle. Map ----- +----------------------------------------------------+ | ????????????????????????????? | | ????????????????????????????? | | ????????????????????????????? | | ????????????????????????????? | | ????????????????????????????? | | ????????????????????????????? | | ????????????????????????????? | | ????????????????????????????? | | ????????????????????????????? | | ????????????????????????????? | | ????????????????????????????? | | ????????????????????????????? | | ????????????????????????????? | | ????????????????????????????? | | ????????????????????????????? | | ????????????????????????????? | | ????????????????????????????? | | ????????????????????????????? | | ????????????????????????????? | | ???????#+#??????????????????? | | ???????# #??????????????????? | | ???##### #??###+###?????????? | | ???#!! #### #?????????? | | ???#!! ##????????? | | ???#[[ Y + ???????? | | ???#@ [gY ##????????? | | ???# ### ## #?????????? | | ???# * #?# #### ###?????????? | | ???#####?# #??# #???????????? | | ?????????# #### ############# | | ?????????# # # | | ?????????# # ^ ^ # | | ??#??????#+# """ """ # | | ??# ??????# """ """ # | | ???? ????# """ """ # | | ?????""" ??# # | | ????""""" # | | ????""""" + | | ????""""" # | | ?????""" ??# ########### | | ???? ????# #?????????# | | ??# ??????# #?????????# | | ??#????????# #?????????# | | ???????????# #?????????# | | ???????????# #?????????# | | ???????????# #?????????# | | ???????????# #?????????+ | | ???????????# #?????????# | | ???????????# #?????????# | | ???????????# ########### | +----------------------------------------------------+ Best States ------------- Heat Dissipation 38 Energy Generation 14 Energy Capacity 250 Matter Stores 300 Matter Capacity 300 Sight Range 18 Robot Scan Range 14 Terrain Scan Density 10 Evasion (%) 55 Item Schematics ----------------- None Robot Schematics ------------------ None Fabricated ------------ Nothing Alien Tech Used ----------------- None Achievements -------------- Close Call Challenges ------------ None Game ------ Seed DimensionalGrenadeCloak Manual? 0 Play Time 00:18:50 Cumulative 5.3 hours Start 2024.08.17 @ 18:09:27 End 2024.12.13 @ 19:50:21 Sessions 5 Manual Loads 0 Difficulty Rogue Special Mode None Game No. 13 Rogue 13 Adventurer 0 Explorer 0 Win Type - Total 0 Types 0/0/0/0/0/0/0/0/0 Lore% 6 Gallery% 9 Achievement% 10 Wizard Run 0 Options --------- Layout 0 ASCII 0 Keyboard 1 Movement Vi Keybinds 0 Fullscreen 2 Font 24/Tamsyn Map View 76x50 Zoom Use 0% Tactical HUD 1 Map Filters NONE Filters NONE Steam 1 RUN: 99831bfe-0216-4374-ae34-26b61809dfe3